 Dungeon Crawl Stone Soup version 0.20-a0-331-g5b3579f (webtiles) character file.

81 dondy the Chopper (level 4, 0/39 HPs)
             Began as a Hill Orc Monk on Dec 21, 2016.
             Slain by Grinder (1 damage)
             ... while paralysed by Grinder
             ... on level 3 of the Dungeon.
             The game lasted 00:05:07 (2238 turns).

dondy the Chopper (Hill Orc Monk)                   Turns: 2238, Time: 00:05:07

Health: 0/39       AC:  5    Str: 14    XL:     4   Next: 42%
Magic:  4/4        EV:  2    Int: 10    God:
Gold:   136        SH:  0    Dex: 13    Spells: 3/3 levels left

rFire  . . .     SeeInvis .     a - +0 hand axe
rCold  . . .     Gourm    .     b - +0 robe
rNeg   . . .     Faith    .     (no shield)
rPois  .         Spirit   .     l - +1 hat
rElec  .         Reflect  .     d - +0 cloak
rCorr  .         Harm     .     h - +0 pair of gloves
MR     .....                    (no boots)
Stlth  ++........               (no amulet)
                                (no ring)
                                (no ring)

@: paralysed
A: no striking features
a: no special abilities


You were on level 3 of the Dungeon.
You were not hungry.

You visited 1 branch of the dungeon, and saw 3 of its levels.

You collected 136 gold pieces.

Inventory:

Hand Weapons
 a - a +0 hand axe (weapon)
Armour
 b - a +0 robe (worn)
 d - a +0 cloak (worn)
 h - a +0 pair of gloves (worn)
 l - a +1 hat (worn)
Jewellery
 o - a cursed -3 ring of intelligence {unknown}
 t - an uncursed ring of see invisible {unknown}
Scrolls
 e - a scroll of immolation {unknown}
 i - 2 scrolls of identify {unknown}
 n - 3 scrolls of teleportation {unknown}
 r - a scroll of magic mapping {unknown}
 s - a scroll of amnesia {unknown}
Potions
 f - a potion of agility {unknown}
 j - 2 potions of magic {unknown}
 k - 2 potions of heal wounds {unknown}
 p - a potion of curing {unknown}
 q - 2 potions of might {unknown}
Comestibles
 c - a bread ration
 g - 2 meat rations
 m - 4 chunks of flesh


   Skills:
 - Level 3.6 Fighting
 + Level 6.7 Axes
 - Level 2.4 Dodging
 - Level 1.5 Stealth


You had 3 spell levels left.
You didn't know any spells.

Dungeon Overview and Level Annotations

Branches:
Dungeon (3/15)

Altars:
Elyvilon
Trog
Uskayaw

Annotations:
D:3 Grinder


Message History

Grinder is moderately wounded.
Grinder misses you.
You hit Grinder.
Grinder is moderately wounded.
Grinder gestures at you.
You suddenly lose the ability to move!
Grinder completely misses you. Grinder hits you.
* * * LOW HITPOINT WARNING * * *
You writhe in agony.
* * * LOW HITPOINT WARNING * * *
Grinder hits you.
* * * LOW HITPOINT WARNING * * *
You writhe in agony.
* * * LOW HITPOINT WARNING * * *
Grinder hits you but does no damage. Grinder hits you.
* * * LOW HITPOINT WARNING * * *
You writhe in agony.
You die...

...# ###.......# ###. ...
#.......<##.. ### ..
###............ ....
###...#.#####.... .....
#...###... ....###.....
#.### .### #.K#.......
#####.### # #..#.......
#<......# ######g........
#.......######..@5Kg#.......
#..............#############
#.......######## #.......#
#########


You could see Grinder, a hobgoblin, a goblin and a kobold.

Vanquished Creatures
  2 adders
  A gnoll (D:1)
  An ooze (D:1)
  A worm (D:2)
  A dart slug (D:3)
  3 giant cockroaches
  5 goblins
  8 hobgoblins
  A jackal (D:1)
  4 kobolds
  A ball python (D:1)
  7 bats
  2 frilled lizards (D:1)
  8 rats
45 creatures vanquished.

Notes
Turn   | Place    | Note
-------+----------+-------------------------------------------
     0 | D:1      | dondy the Hill Orc Monk began the quest for the Orb.
     0 | D:1      | Reached XP level 1. HP: 19/19 MP: 1/1
   152 | D:1      | Reached XP level 2. HP: 22/26 MP: 2/2
   292 | D:1      | Reached skill level 5 in Axes
   771 | D:1      | Reached XP level 3. HP: 22/31 MP: 3/3
  1137 | D:2      | Found a white marble altar of Elyvilon.
  1322 | D:2      | Found a hide-covered altar of Uskayaw.
  1327 | D:2      | Noticed a hand axe
  1327 | D:2      | Noticed a dagger
  1399 | D:2      | Reached skill level 6 in Axes
  1590 | D:2      | Reached XP level 4. HP: 39/39 MP: 4/4
  1622 | D:2      | Found a bloodstained altar of Trog.
  2217 | D:3      | Noticed Grinder
  2220 | D:3      | Paralysed by Grinder for 2 turns
  2233 | D:3      | Paralysed by Grinder for 7 turns
  2238 | D:3      | HP: 1/39 [Grinder (5)]
  2238 | D:3      | Slain by Grinder

Vault maps used:
D:1:      onia_arrival_pyramid
D:2:      wad_crossroads, dancing_weapons_uskayaw, overflow_temple_1_default,
          trog_three_pillars_becter
D:3:      uniq_grinder, uniq_terence

Skill      XL: |  1  2  3 |
---------------+----------+-----
Axes           | 5 6 |  6.7
Fighting       | |  3.6
Dodging        | |  2.4
Stealth        | |  1.5

Action                   |  1- 3 |  4- 6 || total
-------------------------+-------+-------++-------
Melee: Hand axe          |   106 |    56 ||   162
 Stab: Sleeping          |     4 |     1 ||     5
  Eat: Chunk             |     2 |     2 ||     4
Armor: Robe              |    25 |    15 ||    40
Dodge: Dodged            |    67 |    30 ||    97
